 Dungeon Crawl Stone Soup version 0.29-a0-344-ge2f44be95a (webtiles) character file.

Game seed: 15417230595918657334

105 spaghetti the Caller (level 4, -6/39 HPs)
             Began as an Ogre Summoner on Apr 21, 2022.
             Was a Believer of Wu Jian.
             Shot with an arrow by a centaur (8 damage)
             ... on level 3 of the Dungeon.
             The game lasted 00:06:34 (3134 turns).

spaghetti the Caller (Ogre Summoner)                Turns: 3134, Time: 00:06:34

Health: -6/39      AC:  3    Str: 10    XL:     4   Next: 81%
Magic:  1/7        EV:  9    Int: 18    God:    Wu Jian [**....]
Gold:   86         SH:  0    Dex:  9    Spells: 4/8 levels left

rFire   . . .      SeeInvis .   b - +0 flail {mace}
rCold   . . .      Faith    .   (no shield)
rNeg    . . .      Spirit   .   a - +0 robe
rPois   .          Reflect  .   (helmet restricted)
rElec   .          Harm     .   (no cloak)
rCorr   .          Rampage  .   (gloves unavailable)
Will    +....                   (boots unavailable)
Stlth   +.........              (no amulet)
HPRegen 0.13/turn               m - ring of willpower
MPRegen 0.10/turn               (no ring)

@: brilliant
A: large, unfitting armour, tough skin 1, weak 1
a: Renounce Religion, Wall Jump


You were on level 3 of the Dungeon.
You worshipped Wu Jian.
Wu Jian was pleased with you.
You visited 1 branch of the dungeon, and saw 3 of its levels.

You collected 86 gold pieces.


Innate Abilities, Weirdness & Mutations

You are too large for most types of armour.
You have tough skin. (AC +1)
You are weak. (Str -2)


   Skills:
 - Level 1.7 Dodging
 - Level 1.4 Stealth
 + Level 2.5 Spellcasting
 + Level 4.8 Summonings
 * Level 1.3 Transmutations
 + Level 0.1 Air Magic
 * Level 1.4 Earth Magic


You had 4 spell levels left.
You knew the following spells:

 Your Spells              Type           Power      Damage    Failure   Level
a - Summon Small Mammal   Summ           100%       N/A       2%          1
b - Call Canine Familiar  Summ           29%        N/A       7%          3

Your spell library contained the following spells:

 Spells                   Type           Power      Damage    Failure   Level
 Call Imp                 Summ           29%        N/A       3%          2
 Summon Guardian Golem    Hex/Summ       16%        N/A       19%         3
 Summon Lightning Spire   Summ/Air       16%        N/A       52%         4
 Leda's Liquefaction      Hex/Erth       3%         N/A       77%         4
 Lee's Rapid Deconstruct  Erth           5%         3d7*      95%         5
 Statue Form              Tmut/Erth      6%         N/A       100%        6

Inventory:

Hand Weapons
 b - a +0 flail (weapon) {mace}
   (You found it on level 1 of the Dungeon)
 c - a +0 dagger {short}
   (You found it on level 1 of the Dungeon)
Missiles
 e - 24 stones {throwing}
 g - 3 boomerangs {throwing}
 j - a throwing net {=f!fthrowing}
 q - 3 poisoned darts {throwing}
Armour
 a - a +0 robe (worn)
Jewellery
 m - a ring of willpower (left hand)
   (You found it on level 2 of the Dungeon)
 o - a ring of see invisible
   (You took it off a gnoll on level 2 of the Dungeon)
Scrolls
 f - a scroll of enchant weapon {unknown}
 n - a scroll of teleportation {unknown}
 p - a scroll of fog {unknown}
Potions
 k - a potion of magic

Dungeon Overview and Level Annotations

Branches:
Dungeon (3/15)

Altars:
Wu Jian

Shops:
D:2

= #.# #.#.##.# #.#
#.#.##.# #.# #.#.##.#
#.# #.#.##.# #.#
#.#.##.# #.# #.#.##.#
##### #.# #.#....#
......#######.###.######
......W@.....cr.........
......#######.#r########
..... #.#.######## ....
#........... ...
#....†...... ..
##.......... .
#..#.###### #..#.#
#..#.#


You could see a phantom (inner flame), a centaur (inner flame, ally target) and
a friendly quokka (summoned, inner flame).


Message History

t - Shout!
Orders for allies: a - Attack new target. r - Retreat! s - Stop attacking. g - Guard the area. f - Follow me.
Anything else - Cancel.
You shout for attention!
You hear a shout!
You start waiting.
A centaur is nearby!
Casting: Summon Small Mammal (safe; 2% risk of failure)
Confirm with . or Enter, or press ? or * to list all spells.
The centaur wields a +0 shortbow.
The centaur shoots an arrow.
The arrow closely misses you.
The centaur shoots an arrow.
The arrow closely misses you. 😎 MP[-1]
You lost 1 mp, and now have 6/7 mp.
Casting: Summon Small Mammal (safe; 2% risk of failure)
Confirm with . or Enter, or press ? or * to list all spells.
😎 MP[-1]
You lost 1 mp, and now have 5/7 mp.
You swap places.
The centaur shoots an arrow.
The arrow hits your hound.
The centaur shoots an arrow.
The arrow closely misses your quokka. The arrow completely misses your hound.
The arrow barely misses you. What are your orders? t - Shout!
Orders for allies: a - Attack new target. r - Retreat! s - Stop attacking. g - Guard the area. f - Follow me.
Anything else - Cancel.
Gang up on whom?
Press: ? - help, Dir - move target, f - centaur
Aim: a centaur, wielding a +0 shortbow (ally target) Attack!
Your quokka misses the centaur.
The centaur unwields a +0 shortbow.
The centaur barely misses your quokka.
The centaur completely misses your quokka.
The centaur wields a +0 shortbow.
The centaur shoots an arrow.
The arrow hits your hound!
Your hound dies!
Your hound's corpse disappears in a puff of smoke!
Your quokka barely misses the centaur.
The centaur shoots an arrow.
The arrow closely misses your rat. The arrow hits you!
Your quokka closely misses the centaur. 😮 HP[-10]
You take 10 damage, and now have 29/39 hp.
MASSIVE DAMAGE!! (PAUSE) Unknown command.
The centaur shoots an arrow.
The arrow hits your rat!
Your rat dies!
Your rat's corpse disappears in a puff of smoke!
Your quokka barely misses the centaur.
Casting: Summon Small Mammal (safe; 2% risk of failure)
Confirm with . or Enter, or press ? or * to list all spells.
The centaur shoots an arrow.
The arrow hits you.
Your quokka bites the centaur.
The centaur shoots an arrow.
The arrow closely misses you. 😮 HP[-2] MP[-3]
You take 2 damage, and now have 27/39 hp.
You lost 3 mp, and now have 2/7 mp.
The centaur shoots an arrow.
The arrow hits you!
* * * LOW HITPOINT WARNING * * *
Your quokka bites the centaur. 😨 HP[-11]
You take 11 damage, and now have 16/39 hp.
MASSIVE DAMAGE!! (PAUSE)
You swap places.
The centaur shoots an arrow.
The arrow hits your hound! 😨 MP[+1] It was a potion of brilliance.
You feel clever all of a sudden.
The centaur shoots an arrow.
The arrow hits your hound!
Your hound dies!
Your hound's corpse disappears in a puff of smoke!
Casting: Call Canine Familiar (dangerous; 7% risk of failure)
Confirm with . or Enter, or press ? or * to list all spells.
You feel a surge of power!
The centaur shoots an arrow.
The arrow hits your hound!
The centaur shoots an arrow.
The arrow barely misses your hound. The arrow hits you!
* * * LOW HITPOINT WARNING * * *
😱 HP[-9] MP[-2]
You take 9 damage, and now have 7/39 hp.
MASSIVE DAMAGE!! (PAUSE)
You lost 2 mp, and now have 1/7 mp.
It was a potion of mutation.
You feel extremely strange.
You feel weaker.
The centaur shoots an arrow.
The arrow hits your hound.
Your hound dies!
Your hound's corpse disappears in a puff of smoke!
You open the door.
A phantom comes into view.
The centaur shoots an arrow.
The arrow hits you.
* * * LOW HITPOINT WARNING * * *
😱 HP[-6]
You take 6 damage, and now have 1/39 hp.
This is a scroll of acquirement!
Something appears at your feet!
The centaur shoots an arrow.
The arrow barely misses you.
Okay, then.
Okay, then.
Okay, then.
As you read the scroll labelled SARGHUE WUACE, it crumbles to dust.
The creatures around you are filled with an inner flame!
It was a scroll of immolation.
The centaur shoots an arrow.
The arrow hits you!
You die...

Skill      XL: |  1  2  3  4 |
---------------+-------------+-----
Summonings     | 4 |  4.8
Transmutations | 1 |  1.3
Earth Magic    | 1 |  1.4
Dodging        | |  1.7
Stealth        | |  1.4
Spellcasting   | |  2.5
Air Magic      | |  0.1

Action                   |  1- 3 |  4- 6 || total
-------------------------+-------+-------++-------
Melee: Unarmed           |     2 |       ||     2
       Flail             |    65 |    20 ||    85
Throw: Dart              |       |     3 ||     3
       Throwing net      |       |     1 ||     1
 Cast: Summon Small Mamm |    27 |    17 ||    44
       Call Canine Famil |     6 |    12 ||    18
Invok: Lunge             |     6 |     2 ||     8
       Whirlwind         |     4 |     1 ||     5
  Use: Potion            |     3 |     2 ||     5
       Scroll            |       |     2 ||     2
 Stab: Sleeping          |     2 |     1 ||     3
Armor: Robe              |    35 |    12 ||    47
Dodge: Dodged            |    40 |    22 ||    62

Levels and vault maps discovered:
D:1:      eino_arrival_tree_alley, layout_rooms, serial_corexii_hall,
          corexii_hall_statues_deadend, chequers_hall_statues_y,
          corexii_hall_statues_t, dreamdust_ecumenical_altar_grove,
          minmay_door_square
D:2:      layout_loops_ring, serial_shops, nicolae_shop_hallway_stairs,
          serial_rivers, chequers_serial_rivers_micro_c,
          chequers_serial_rivers_micro_d, chequers_serial_rivers_micro_a,
          chequers_serial_rivers_small_3, chequers_serial_rivers_small_b,
          serial_park_tiny_pond, minmay_quantized
D:3:      layout_basic, serial_shops, shop_coins

Notes
Turn   | Place    | Note
-------+----------+-------------------------------------------
     0 | D:1      | spaghetti the Ogre Summoner began the quest for the Orb.
     0 | D:1      | Reached XP level 1. HP: 16/16 MP: 3/3
     0 | D:1      | magus.rc [v1.9.6]
   356 | D:1      | Found a faded altar of an unknown god.
   377 | D:1      | Reached skill level 4 in Summonings
   377 | D:1      | Reached XP level 2. HP: 20/24 MP: 1/5
   427 | D:1      | Prayed at the altar of an unknown god.
   427 | D:1      | Became a worshipper of the Wu Jian Council
   427 | D:1      | Reached * piety under Wu Jian
   980 | D:1      | Reached XP level 3. HP: 31/31 MP: 6/6
  1165 | D:2      | Learned a level 3 spell: Call Canine Familiar
  1615 | D:2      | You pick up a book of the Earth and begin reading...
  1615 | D:2      | You add the spells Leda's Liquefaction, Lee's Rapid
                  | Deconstruction and Statue Form to your library.
  1843 | D:2      | Reached XP level 4. HP: 29/39 MP: 3/7
  2224 | D:2      | Found Ezay's Jewellery Shop.
  2259 | D:2      | Reached skill level 1 in Transmutations
  2259 | D:2      | Reached skill level 1 in Earth Magic
  2261 | D:2      | Reached ** piety under Wu Jian
  3107 | D:3      | Noticed a centaur
  3130 | D:3      | HP: 7/39 [centaur/arrow (9)]
  3131 | D:3      | Gained mutation: You are weak. (Str -2) [potion of
                  | mutation]
  3132 | D:3      | Noticed a phantom
  3132 | D:3      | HP: 1/39 [centaur/arrow (6)]
  3133 | D:3      | Identified a scroll of acquirement
  3133 | D:3      | Acquired 844 gold pieces
  3134 | D:3      | Shot with an arrow by a centaur

Vanquished Creatures
  A worm (D:2)
  2 dart slugs
  2 ball pythons
  3 bats
  2 endoplasms (D:1)
  A goblin (D:1)
  A hobgoblin (D:1)
  A quokka (D:2)
  2 frilled lizards (D:1)
  3 kobolds
  A rat (D:2)
19 creatures vanquished.

Vanquished Creatures (collateral kills)
  2 gnolls (D:2)
  2 adders (D:2)
  A worm (D:2)
  2 dart slugs
  4 ball pythons
  A bat (D:2)
  6 endoplasms
  2 giant cockroaches
  2 goblins
  2 hobgoblins
  4 kobolds
  A quokka (D:1)
  A rat (D:1)
30 creatures vanquished.

Vanquished Creatures (others)
  A fungus (D:1)
  6 plants (D:1)
7 creatures vanquished.

Grand Total: 56 creatures vanquished

Table legend:
 A = Non-vault XP
 B = Vault XP
 C = Vault XP percentage of total XP
 D = Non-vault monster count
 E = Vault monster count
 F = Vault count percentage of total count
                 A         B        C        D         E       F
            +---------+---------+-------+---------+---------+-------
      Total |     110 |      40 |  26.7 |      42 |       7 |  14.3
            +---------+---------+-------+---------+---------+-------
        D:1 |      36 |       0 |   0.0 |      18 |       0 |   0.0
        D:2 |      69 |      40 |  36.7 |      21 |       7 |  25.0
        D:3 |       5 |       0 |   0.0 |       3 |       0 |   0.0
            +---------+---------+-------+---------+---------+-------

Illustrated notes

Table legend:
 A = Kills in this place as a percentage of kills in entire the game.
 B = Kills by you in this place as a percentage of kills by you in the entire game.
 C = Kills by friends in this place as a percentage of kills by friends in the entire game.
 D = Other kills in this place as a percentage of other kills in the entire game.
 E = Experience gained in this place as a percentage of experience gained in the entire game.
 F = Experience gained in this place divided by the number of levels of this place that you have seen.
                   A       B       C       D       E      F
               +-------+-------+-------+-------+-------+----------------------
         Total | 100.0 | 100.0 | 100.0 |   N/A | 100.0 |  50.0
       Dungeon | 100.0 | 100.0 | 100.0 |   N/A | 100.0 |  50.0
               +-------+-------+-------+-------+-------+----------------------

Table legend: (Time is in decaauts)
 A = Elapsed time spent in this place.
 B = Non-inter-level travel time spent in this place.
 C = Inter-level travel time spent in this place.
 D = Time resting spent in this place.
 E = Time spent auto-exploring this place.
 F = Levels seen in this place.
 G = Mean time per level.
                   A        B        C        D        E       F      G
               +--------+--------+--------+--------+--------+-----+--------+
         Total |   3167 |   3122 |     45 |    171 |   2453 |   3 | 1055.7 |
       Dungeon |   3167 |   3122 |     45 |    171 |   2453 |   3 | 1055.7 |
               +--------+--------+--------+--------+--------+-----+--------+

Top non-repeatable levels by time:
     D:2: 1732 daAuts
     D:1: 1144 daAuts
     D:3: 290 daAuts
